TOP OF THE 1ST |
New York Mets batting - Pitching for Milwaukee Brewers : RHP Collin McHugh
|
Pitching: RHP Collin McHugh
|
|
Batting: SHB Ian Happ
|
0-0: Foul Ball, location: 2F 0-1: Ball 1-1: Swinging Strike 1-2: Strikes out swinging, 2-3 out at first.
|
Batting: RHB Starlin Castro
|
0-0: Fly out, F5 (Line Drive, 5)
|
Batting: LHB Eddie Rosario
|
0-0: Ball 1-0: Called Strike 1-1: Swinging Strike 1-2: Ball 2-2: SINGLE (Flyball, 78S)
|
Batting: LHB Travis Shaw
|
0-0: Fielders Choice at 2nd, 6-5 (Groundball, 4D)
|
Top of the 1st over - 0 runs, 1 hit, 0 errors, 1 left on base; New York 0 - Milwaukee 0 |
BOTTOM OF THE 1ST |
Milwaukee Brewers batting - Pitching for New York Mets : LHP Mike Montgomery
|
Pitching: LHP Mike Montgomery
|
|
Batting: RHB Taylor Motter
|
0-0: Ball 1-0: Called Strike 1-1: Ball 2-1: Foul Ball, location: 2F 2-2: Fly out, F5 (Popup, 5DF)
|
Batting: RHB Aaron Judge
|
0-0: Ball 1-0: Foul Ball, location: 2F 1-1: Ball 2-1: Swinging Strike 2-2: Ball 3-2: Foul Ball, location: 2F 3-2: Strikes out swinging
|
Batting: RHB Logan Forsythe
|
0-0: Ball 1-0: Ball 2-0: Ball 3-0: Called Strike 3-1: Foul Ball, location: 2F 3-2: Foul Ball, location: 2F 3-2: Foul Ball, location: 2F 3-2: Foul Ball, location: 2F 3-2: Base on Balls
|
Batting: RHB Miguel Cabrera
|
0-0: Foul Ball, location: 2F 0-1: Called Strike 0-2: Foul Ball, location: 2F 0-2: Strikes out swinging
|
Bottom of the 1st over - 0 runs, 0 hits, 0 errors, 1 left on base; New York 0 - Milwaukee 0 |
TOP OF THE 2ND |
New York Mets batting - Pitching for Milwaukee Brewers : RHP Collin McHugh
|
Batting: LHB Scott Schebler
|
0-0: Ball 1-0: Ground out 4-3 (Groundball, 34)
|
Batting: LHB Mitch Moreland
|
0-0: Ball 1-0: Ball 2-0: Called Strike 2-1: Foul Ball, location: 2F 2-2: Ground out 4-3 (Groundball, 34)
|
Batting: RHB Christian Vazquez
|
0-0: Ball 1-0: Ball 2-0: Called Strike 2-1: Called Strike 2-2: Ball 3-2: Foul Ball, location: 2F 3-2: Foul Ball, location: 2F 3-2: Foul Ball, location: 2F 3-2: Base on Balls
|
Batting: RHB Nick Ahmed
|
0-0: Fielders Choice at 2nd, 6-4 (Groundball, 6)
|
Top of the 2nd over - 0 runs, 0 hits, 0 errors, 1 left on base; New York 0 - Milwaukee 0 |
BOTTOM OF THE 2ND |
Milwaukee Brewers batting - Pitching for New York Mets : LHP Mike Montgomery
|
Batting: RHB Eugenio Suarez
|
0-0: Called Strike 0-1: Called Strike 0-2: Strikes out swinging
|
Batting: RHB Jabari Blash
|
0-0: Swinging Strike 0-1: Ball 1-1: Foul Ball, location: 2F 1-2: Fly out, F4 (Popup, 13)
|
Batting: RHB Addison Russell
|
0-0: Swinging Strike 0-1: Foul Ball, location: 2F 0-2: Strikes out swinging
|
Bottom of the 2nd over - 0 runs, 0 hits, 0 errors, 0 left on base; New York 0 - Milwaukee 0 |
TOP OF THE 3RD |
New York Mets batting - Pitching for Milwaukee Brewers : RHP Collin McHugh
|
Batting: LHB Mike Montgomery
|
0-0: Ground out U3 (Groundball, 3)
|
Batting: SHB Ian Happ
|
0-0: Bunt for hit to 23 - play at first, batter OUT! 3-4
|
Batting: RHB Starlin Castro
|
0-0: Called Strike 0-1: Ball 1-1: Ball 2-1: Fly out, F7 (Flyball, 7S)
|
Top of the 3rd over - 0 runs, 0 hits, 0 errors, 0 left on base; New York 0 - Milwaukee 0 |
BOTTOM OF THE 3RD |
Milwaukee Brewers batting - Pitching for New York Mets : LHP Mike Montgomery
|
Batting: RHB Collin McHugh
|
0-0: Ball 1-0: Ball 2-0: Ball 3-0: Called Strike 3-1: Called Strike 3-2: Base on Balls
|
Batting: RHB Austin Barnes
|
0-0: Foul Ball, location: 2F 0-1: Swinging Strike 0-2: Foul Ball, location: 2F 0-2: Ball 1-2: Fly out, F6 (Popup, 4S)
|
Batting: RHB Taylor Motter
|
0-0: Ball 1-0: Called Strike 1-1: Ball 2-1: Foul Ball, location: 2F 2-2: Ball 3-2: Base on Balls Collin McHugh to second
|
Batting: RHB Aaron Judge
|
0-0: Ball 1-0: Called Strike 1-1: Hit by Pitch Collin McHugh to third Taylor Motter to second
|
Batting: RHB Logan Forsythe
|
0-0: Called Strike 0-1: Ball 1-1: GRAND SLAM HOME RUN (Flyball, 78XD), Distance : 392 ft
|
Batting: RHB Miguel Cabrera
|
0-0: Ball 1-0: Ball 2-0: Ball 3-0: Base on Balls
|
Batting: RHB Eugenio Suarez
|
0-0: Ball 1-0: Foul Ball, location: 2F 1-1: Ball 2-1: Ball 3-1: Fly out, F7 (Line Drive, 7D)
|
Batting: RHB Jabari Blash
|
0-0: Fly out, F8 (Flyball, 8RD)
|
Bottom of the 3rd over - 4 runs, 1 hit, 0 errors, 1 left on base; New York 0 - Milwaukee 4 |
TOP OF THE 4TH |
New York Mets batting - Pitching for Milwaukee Brewers : RHP Collin McHugh
|
Batting: LHB Eddie Rosario
|
0-0: Swinging Strike 0-1: Foul Ball, location: 2F 0-2: Ball 1-2: Ball 2-2: Foul Ball, location: 2F 2-2: Ball 3-2: Foul Ball, location: 2F 3-2: Strikes out swinging
|
Batting: LHB Travis Shaw
|
0-0: SINGLE (Groundball, 4S) (infield hit)
|
Batting: LHB Scott Schebler
|
0-0: Called Strike 0-1: Ball 1-1: Called Strike 1-2: Strikes out swinging
|
Batting: LHB Mitch Moreland
|
0-0: Foul Ball, location: 2F 0-1: Called Strike 0-2: Reached on error, E5 (Flyball, 56D) Travis Shaw to second
|
Batting: RHB Christian Vazquez
|
0-0: Called Strike 0-1: SINGLE (Groundball, 6MD) Travis Shaw to third Mitch Moreland to second Runner from 3rd tries for Home, SAFE, throw by CF to home
|
Batting: RHB Nick Ahmed
|
0-0: Foul Ball, location: 2F 0-1: SINGLE (Line Drive, 8RS) Mitch Moreland to third Christian Vazquez to second Runner from 3rd tries for Home, SAFE, no throw by CF
|
Batting: LHB Mike Montgomery
|
0-0: Ball 1-0: Swinging Strike 1-1: SINGLE (Line Drive, 89M) Christian Vazquez to third Nick Ahmed to second Runner from 3rd tries for Home, SAFE, throw by RF to home
|
Batting: SHB Ian Happ
|
0-0: Foul Ball, location: 2F 0-1: Ball 1-1: Foul Ball, location: 2F 1-2: Ball 2-2: Ball 3-2: SINGLE (Groundball, 4D) Nick Ahmed to third Mike Montgomery to second Nick Ahmed scores Mike Montgomery to third
|
Batting: RHB Starlin Castro
|
0-0: Called Strike 0-1: Ball 1-1: Foul Ball, location: 2F 1-2: Fielders Choice at 2nd, 6-4 (Groundball, 6)
|
Top of the 4th over - 4 runs, 5 hits, 1 error, 2 left on base; New York 4 - Milwaukee 4 |
BOTTOM OF THE 4TH |
Milwaukee Brewers batting - Pitching for New York Mets : LHP Mike Montgomery
|
Batting: RHB Addison Russell
|
0-0: Called Strike 0-1: Ball 1-1: Ground out 6-3 (Groundball, 6)
|
Batting: RHB Collin McHugh
|
0-0: Ball 1-0: Fly out, F9 (Flyball, 9S)
|
Batting: RHB Austin Barnes
|
0-0: Ground out 6-3 (Groundball, 6S)
|
Bottom of the 4th over - 0 runs, 0 hits, 0 errors, 0 left on base; New York 4 - Milwaukee 4 |
TOP OF THE 5TH |
New York Mets batting - Pitching for Milwaukee Brewers : RHP Collin McHugh
|
Batting: LHB Eddie Rosario
|
0-0: Called Strike 0-1: Foul Ball, location: 2F 0-2: Ground out 4-3 (Groundball, 34)
|
Batting: LHB Travis Shaw
|
0-0: Ground out 4-3 (Groundball, 4)
|
Batting: LHB Scott Schebler
|
0-0: Ball 1-0: TRIPLE (Line Drive, 7D)
|
Batting: LHB Mitch Moreland
|
0-0: Ball 1-0: Ball 2-0: Ball 3-0: Called Strike 3-1: SINGLE (Line Drive, 9LS) Scott Schebler scores
|
Pitching: RHP Daniel Hudson
|
|
Batting: RHB Christian Vazquez
|
0-0: Ball 1-0: Ball 2-0: Ball 3-0: Base on Balls Mitch Moreland to second
|
Batting: RHB Nick Ahmed
|
0-0: Ball 1-0: Ball 2-0: Called Strike 2-1: Ball 3-1: Called Strike 3-2: Ground out 5-3 (Groundball, 56)
|
Top of the 5th over - 1 run, 2 hits, 0 errors, 2 left on base; New York 5 - Milwaukee 4 |
BOTTOM OF THE 5TH |
Milwaukee Brewers batting - Pitching for New York Mets : LHP Mike Montgomery
|
Batting: RHB Taylor Motter
|
0-0: Ball 1-0: Ball 2-0: Called Strike 2-1: Ball 3-1: Called Strike 3-2: Fly out, F8 (Flyball, 89D)
|
Pitching: RHP James Hoyt
|
|
Batting: RHB Aaron Judge
|
0-0: Ball 1-0: Ball 2-0: Ball 3-0: Called Strike 3-1: Base on Balls
|
Batting: RHB Logan Forsythe
|
0-0: Foul Ball, location: 2F 0-1: Ball 1-1: Ball 2-1: Ball 3-1: Base on Balls Aaron Judge to second
|
Batting: RHB Miguel Cabrera
|
0-0: Ball 1-0: Swinging Strike 1-1: Swinging Strike 1-2: Grounds into double play, 6-4-3 (Groundball, 6)
|
Bottom of the 5th over - 0 runs, 0 hits, 0 errors, 1 left on base; New York 5 - Milwaukee 4 |
TOP OF THE 6TH |
New York Mets batting - Pitching for Milwaukee Brewers : RHP Daniel Hudson
|
Batting: RHB James Hoyt
|
0-0: Called Strike 0-1: Foul Ball, location: 2F 0-2: Strikes out swinging
|
Batting: SHB Ian Happ
|
0-0: Ball 1-0: Ground out 6-3 (Groundball, 6M)
|
Batting: RHB Starlin Castro
|
0-0: Ball 1-0: Called Strike 1-1: Fly out, F3 (Popup, 3)
|
Top of the 6th over - 0 runs, 0 hits, 0 errors, 0 left on base; New York 5 - Milwaukee 4 |
BOTTOM OF THE 6TH |
Milwaukee Brewers batting - Pitching for New York Mets : RHP James Hoyt
|
Batting: RHB Eugenio Suarez
|
0-0: Foul Ball, location: 2F 0-1: Swinging Strike 0-2: Foul Ball, location: 2F 0-2: DOUBLE (Line Drive, 89M)
|
Batting: RHB Jabari Blash
|
0-0: Foul Ball, location: 2F 0-1: Foul Ball, location: 2F 0-2: Fly out, F9 (Flyball, 9S)
|
Batting: RHB Addison Russell
|
0-0: Called Strike 0-1: Fly out, F8 (Flyball, 8RS)
|
Pinch Hitting: LHB Seth Smith
|
0-0: Foul Ball, location: 2F 0-1: Swinging Strike 0-2: Fly out, F8 (Line Drive, 8RM)
|
Bottom of the 6th over - 0 runs, 1 hit, 0 errors, 1 left on base; New York 5 - Milwaukee 4 |
TOP OF THE 7TH |
New York Mets batting - Pitching for Milwaukee Brewers : RHP Daniel Hudson
|
Pitching: RHP Pat Neshek
|
|
Batting: LHB Eddie Rosario
|
0-0: Ball 1-0: Foul Ball, location: 2F 1-1: Ball 2-1: Swinging Strike 2-2: Foul Ball, location: 2F 2-2: Strikes out swinging
|
Batting: LHB Travis Shaw
|
0-0: Called Strike 0-1: Ball 1-1: Swinging Strike 1-2: Ball 2-2: Strikes out swinging
|
Batting: LHB Scott Schebler
|
0-0: Ball 1-0: Ball 2-0: Ground out 6-3 (Groundball, 4M)
|
Top of the 7th over - 0 runs, 0 hits, 0 errors, 0 left on base; New York 5 - Milwaukee 4 |
BOTTOM OF THE 7TH |
Milwaukee Brewers batting - Pitching for New York Mets : RHP James Hoyt
|
Pitching: RHP Zach McAllister
|
|
Batting: RHB Austin Barnes
|
0-0: Ball 1-0: Called Strike 1-1: Ground out 5-3 (Groundball, 5)
|
Batting: RHB Taylor Motter
|
0-0: Ball 1-0: Called Strike 1-1: Ball 2-1: Foul Ball, location: 2F 2-2: Foul Ball, location: 2F 2-2: Fly out, F6 (Popup, 6S)
|
Batting: RHB Aaron Judge
|
0-0: Called Strike 0-1: Ball 1-1: Swinging Strike 1-2: Ball 2-2: Ball 3-2: Foul Ball, location: 2F 3-2: Foul Ball, location: 2F 3-2: Strikes out looking
|
Bottom of the 7th over - 0 runs, 0 hits, 0 errors, 0 left on base; New York 5 - Milwaukee 4 |
TOP OF THE 8TH |
New York Mets batting - Pitching for Milwaukee Brewers : RHP Pat Neshek
|
Pitching: RHP Chad Green
|
|
Batting: LHB Mitch Moreland
|
0-0: Called Strike 0-1: Foul Ball, location: 2F 0-2: Fly out, F7 (Flyball, 7S)
|
Batting: RHB Christian Vazquez
|
0-0: Foul Ball, location: 2F 0-1: Ball 1-1: Foul Ball, location: 2F 1-2: Foul Ball, location: 2F 1-2: Ball 2-2: Foul Ball, location: 2F 2-2: Ball 3-2: Foul Ball, location: 2F 3-2: Strikes out swinging
|
Batting: RHB Nick Ahmed
|
0-0: Called Strike 0-1: Swinging Strike 0-2: Foul Ball, location: 2F 0-2: Fly out, F9 (Flyball, 89D)
|
Top of the 8th over - 0 runs, 0 hits, 0 errors, 0 left on base; New York 5 - Milwaukee 4 |
BOTTOM OF THE 8TH |
Milwaukee Brewers batting - Pitching for New York Mets : RHP Zach McAllister
|
Pitching: RHP Nick Wittgren
|
|
Batting: RHB Logan Forsythe
|
0-0: Hit by Pitch
|
Batting: RHB Miguel Cabrera
|
0-0: Called Strike 0-1: Swinging Strike 0-2: Ball 1-2: Ball 2-2: Strikes out looking
|
Batting: RHB Eugenio Suarez
|
0-0: Called Strike 0-1: Ball 1-1: Foul Ball, location: 2F 1-2: Ball 2-2: 2-RUN HOME RUN (Flyball, 9D), Distance : 380 ft
|
Pitching: RHP Drew Steckenrider
|
|
Batting: RHB Jabari Blash
|
0-0: Ball 1-0: Foul Ball, location: 2F 1-1: Ball 2-1: Ball 3-1: Base on Balls
|
Pinch Hitting: LHB Lucas Duda
|
0-0: Called Strike 0-1: Ball 1-1: Ball 2-1: Swinging Strike 2-2: Strikes out swinging
|
Batting: LHB Chad Green
|
0-0: Ball 1-0: Called Strike 1-1: Ball 2-1: SINGLE (Groundball, 4MD) Jabari Blash to second Runner from 2nd tries for 3rd, SAFE, throw by CF made to third
|
Batting: RHB Austin Barnes
|
0-0: Ball 1-0: Called Strike 1-1: Foul Ball, location: 2F 1-2: Strikes out looking
|
Bottom of the 8th over - 2 runs, 2 hits, 0 errors, 2 left on base; New York 5 - Milwaukee 6 |
TOP OF THE 9TH |
New York Mets batting - Pitching for Milwaukee Brewers : RHP Chad Green
|
Now at SS: Troy Tulowitzki
|
|
Pinch Hitting: SHB Jonathan Villar
|
0-0: Foul Ball, location: 2F 0-1: Foul Ball, location: 2F 0-2: Strikes out swinging
|
Batting: SHB Ian Happ
|
0-0: Foul Ball, location: 2F 0-1: Foul Ball, location: 2F 0-2: Ball 1-2: Ball 2-2: Ball 3-2: Foul Ball, location: 2F 3-2: Strikes out looking
|
Batting: RHB Starlin Castro
|
0-0: Called Strike 0-1: DOUBLE (Line Drive, 78XD)
|
Pitching: LHP Andrew Miller
|
|
Pinch Hitting: RHB Salvador Perez
|
0-0: SINGLE (Groundball, 56) (infield hit) Starlin Castro to third
|
Batting: LHB Travis Shaw
|
0-0: Foul Ball, location: 2F 0-1: Called Strike 0-2: Ball 1-2: Strikes out looking
|
Top of the 9th over - 0 runs, 2 hits, 0 errors, 2 left on base; New York 5 - Milwaukee 6 |
|